 Dungeon Crawl Stone Soup version 0.16.1-18-g436b03c (webtiles) character file.

1906 Ladykiller69 the Cleaver (level 9, -1/66 HPs)
             Began as a Formicid Fighter on Apr 26, 2015.
             Was a Priest of Cheibriados.
             Slain by a killer bee (8 damage)
             ... on level 7 of the Dungeon.
             The game lasted 00:27:09 (5278 turns).

Ladykiller69 the Cleaver (Formicid Fighter)         Turns: 5278, Time: 00:27:09

Health: -1/66      AC:  9    Str: 31    XL:     9   Next: 38%
Magic:  9/12       EV: 10    Int: 17    God:    Cheibriados [***...]
Gold:   379        SH: 13    Dex: 18    Spells: 0 memorised, 8 levels left

rFire  . . .     SeeInvis +     a - +0 war axe
rCold  . . .     Clarity  .     b - +0 scale mail
rNeg   . . .     SustAb   .     c - +0 shield
rPois  .         Gourm    .     (helmet unavailable)
rElec  .         Spirit   .     (no cloak)
rCorr  .         Warding  .     l - +0 pair of gloves
rMut   .         Stasis   +     p - +0 pair of boots
MR     .....                    (no amulet)
Stlth  ..........               (no ring)
                                (no ring)

@: lethally poisoned (-1 -> -19), very slow, not resistant to hostile
enchantments, extremely unstealthy
A: permanent stasis, dig shafts and tunnels, four strong arms, antennae 3
a: Dig, Shaft Self, Bend Time, Temporal Distortion, Renounce Religion


You were on level 7 of the Dungeon.
You worshipped Cheibriados.
Cheibriados was most pleased with you.
You were hungry.

You visited 1 branch of the dungeon, and saw 8 of its levels.

You collected 379 gold pieces.

Inventory:

Hand weapons
 a - a +0 war axe (weapon)
 t - a +0 flail
Missiles
 y - 2 tomahawks (quivered)
Armour
 b - a +0 scale mail (worn)
 c - a +0 shield (worn)
 l - a +0 pair of gloves (worn)
 p - a +0 pair of boots (worn)
 v - a +0 chain mail
Jewellery
 g - an uncursed amulet of regeneration {unknown}
 j - an uncursed ring of magical power {unknown}
 A - a +1 ring of evasion {unknown}
 E - a cursed ring of teleportation {unknown}
 H - an uncursed ring of poison resistance {unknown}
Magical devices
 J - a wand of enslavement (8)
Scrolls
 f - 6 scrolls of enchant armour {unknown}
 i - 3 scrolls of amnesia {unknown}
 k - 8 scrolls of identify {unknown}
 m - 3 scrolls of immolation {unknown}
 n - 4 scrolls of recharging {unknown}
 o - 7 scrolls of remove curse {unknown}
 q - 3 scrolls of fear {unknown}
 r - 3 scrolls of teleportation {unknown}
 w - 2 scrolls of blinking {unknown}
 x - 3 scrolls of magic mapping {unknown}
Potions
 e - 4 potions of might
 h - 3 potions of curing {unknown}
 s - a potion of cancellation {unknown}
 u - 3 potions of poison {unknown}
 B - a potion of brilliance {unknown}
 C - a potion of restore abilities {unknown}
 D - 4 potions of cure mutation {unknown}
 F - a potion of magic {unknown}
 G - 2 potions of heal wounds {unknown}
 I - a potion of invisibility {unknown}
 M - a potion of flight {unknown}
 O - a potion of ambrosia {unknown}
Comestibles
 d - 4 bread rations
 z - 3 meat rations
 K - a slice of pizza
 N - a beef jerky


   Skills:
 - Level 4.3 Fighting
 * Level 9.3 Axes
 - Level 4.0 Armour
 + Level 8.5 Shields


You had 8 spell levels left.
You didn't know any spells.

Dungeon Overview and Level Annotations

Branches:
Dungeon (8/15)             Temple (0/1) D:7
   Lair: D:8-11

Altars:
Ashenzari
Cheibriados
Dithmenos
Makhleb
Trog
Vehumet

Annotations:
D:8 Zupoman's ghost, experienced DECj


Innate Abilities, Weirdness & Mutations

You are under a permanent stasis effect.
You can dig through walls and to a lower floor.
Your four strong arms can wield two-handed weapons with a shield.
You have a pair of large antennae on your head (SInv).


Message History

You feel sick. The killer bee barely misses you.
You block the killer bee's attack. The killer bee barely misses you.
The killer bee barely misses you.
The killer bee stings you but does no damage.
You closely miss the killer bee.
The killer bee is heavily wounded.
Your scale mail prevents you from hitting the killer bee.
* * * LOW HITPOINT WARNING * * *
You feel sick. The killer bee barely misses you. The killer bee stings you.
* * * LOW HITPOINT WARNING * * *
The killer bee stings you but does no damage.
You hit the killer bee.
The killer bee is heavily wounded.
You hit the killer bee.
The killer bee is moderately wounded.
* * * LOW HITPOINT WARNING * * *
You feel sick. You block the killer bee's attack. The killer bee stings you.
* * * LOW HITPOINT WARNING * * *
The killer bee stings you!
You die...

....<.# #....#.......## .....##
#......#......### .....##
#...............###
......#########.........#####....
##......................#........
..#####......<#.....(...#.....###
.## ##................#..##..(#
#########...........###.#..#...^#
÷......##......y@.##........(_...
.........#..)###y###.###..#....#.
....>........#.....#.# #..#...##.
..........#..#.⌠.⌠.#.# #..###....
..........#..+..>..'.# #.........
..........##.#.⌠.⌠.### #......###
..........##.#.....# ######.)..
..........##.###'### #####
..........#.#....# #


You could see 2 killer bees.

Vanquished Creatures
  Grinder (D:4)
  A wasp (D:7)
  2 ogres
  A centaur (D:5)
  A big kobold (D:7)
  3 scorpions
  A water moccasin skeleton (D:5)
  A goliath beetle (D:6)
  2 killer bees (D:7)
  5 orc priests
  3 hounds
  A jelly (D:7)
  2 iguanas
  5 orc wizards
  5 worker ants
  A hound zombie (D:6)
  Terence (D:3)
  6 gnolls
  12 adders
  3 shadow imps
  4 worms
  An adder skeleton (D:4)
  An adder zombie (D:7)
  4 giant geckos
  3 oozes
  18 orcs
  2 ball pythons (D:1)
  A bat skeleton (D:5)
  A bat zombie (D:6)
  14 goblins
  7 hobgoblins
  8 bats
  9 giant cockroaches
  5 giant newts
  8 jackals
  A jackal skeleton (D:6)
  A jackal zombie (D:7)
  15 kobolds
  2 quokka skeletons
  16 rats
178 creatures vanquished.

Vanquished Creatures (others)
  A fulminant prism (D:8)
  A water moccasin (D:8)
  A centaur (D:8)
  An adder (D:8)
4 creatures vanquished.

Grand Total: 182 creatures vanquished

Notes
Turn   | Place    | Note
--------------------------------------------------------------
     0 | D:1      | Ladykiller69, the Formicid Fighter, began the quest for the Orb.
     0 | D:1      | Reached XP level 1. HP: 18/18 MP: 1/1
    75 | D:1      | Reached XP level 2. HP: 24/24 MP: 3/3
   204 | D:1      | Reached skill level 4 in Shields
   358 | D:1      | Reached XP level 3. HP: 19/29 MP: 4/4
   855 | D:2      | Reached XP level 4. HP: 29/37 MP: 5/5
  1004 | D:2      | Reached XP level 5. HP: 22/42 MP: 7/7
  1062 | D:2      | Found a burning altar of Makhleb.
  1077 | D:2      | Found a radiant altar of Vehumet.
  1611 | D:3      | Reached XP level 6. HP: 46/49 MP: 8/8
  1615 | D:3      | Reached skill level 5 in Shields
  1767 | D:3      | Noticed Terence
  1772 | D:3      | Killed Terence
  1795 | D:3      | Found a bloodstained altar of Trog.
  1846 | D:4      | Found a shattered altar of Ashenzari.
  1907 | D:4      | Found a snail-covered altar of Cheibriados.
  1911 | D:4      | Became a worshipper of Cheibriados the Contemplative
  2084 | D:4      | Noticed Grinder
  2093 | D:4      | You fall through a shaft for 3 floors!
  2323 | D:7      | Found a staircase to the Ecumenical Temple.
  2334 | D:7      | Noticed a wasp
  2346 | D:7      | Killed a wasp
  2346 | D:7      | Reached XP level 7. HP: 37/55 MP: 9/9
  2357 | D:7      | Found a shadowy altar of Dithmenos.
  2535 | D:5      | Entered Level 5 of the Dungeon
  2735 | D:4      | Reached skill level 5 in Axes
  2749 | D:4      | Acquired Cheibriados' first power
  2760 | D:4      | Reached skill level 6 in Shields
  2805 | D:4      | You fall through a shaft for 3 floors!
  3247 | D:5      | Reached XP level 8. HP: 56/61 MP: 11/11
  3396 | D:4      | You fall through a shaft!
  3583 | D:4      | Killed Grinder
  3583 | D:4      | Reached skill level 7 in Axes
  3729 | D:5      | Reached skill level 8 in Axes
  3857 | D:5      | Reached XP level 9. HP: 63/66 MP: 12/12
  4449 | D:6      | Acquired Cheibriados' second power
  4846 | D:7      | Reached skill level 9 in Axes
  4977 | D:8      | Noticed Zupoman's ghost (experienced DECj)
  5278 | D:7      | Slain by a killer bee

Action                   |  1- 3 |  4- 6 |  7- 9 || total
-------------------------+-------+-------+-------++-------
Melee: War axe           |   121 |   163 |   363 ||   647
Invok: Bend Time         |       |       |     1 ||     1
 Abil: Dig               |     7 |     8 |     7 ||    22
       Shaft Self        |       |     1 |     2 ||     3
  Eat: Chunk             |       |     6 |     9 ||    15
